Unix NetHack Version 5.0.0-0 post-release - last build May 17 2026 04:57:42 (dc50c8380fa5e20985bfe3072449f57b8d9895ef,branch:main).

Game began 2026-05-20 08:59:02, ended 2026-05-20 10:46:08.

Anarchos, lawful female dwarven Valkyrie

                   ----------
                   |............`
   ----  ---       |.-----------
  --...| |.-----   |.|
  |....| |.....|  --.|
  |..----|..--.----..|
  |.....<--.....--...|
  |.----*..--........|
  |.|  ---.||...---..|
  |.|    |.||.|.----.|
 --.--   |.---|...||.|
 |...|   |...|---.||.|
 |...|   ---.---..-|.| |
 --..|     |..|....|.|.|
  ----   ---.......|.#.|
         |........-|.|.|
         |.......--|.| -
         --......| |f|
          --....-- |.---------------- ------------------
           --.---  |@o...................................
            ---    -----
Anarchos the Skirmisher     St:18/04 Dx:16 Co:14 In:7 Wi:8 Ch:9  Lawful
Dlvl:6  $:0  HP:0(38) Pw:6(6) AC:6  Xp:4 T:3149 

Latest messages:
 You stop searching.
 You descend the stairs.
 What do you want to use or apply? [ekozBLOVW or ?*] ?
 Your lantern is now on.
 You swap places with your housecat.
 The housecat misses Baneogz of Agrisaigor.
 The housecat bites it.
 The housecat misses it.
 You swap places with your housecat.
 Baneogz of Agrisaigor thrusts her orcish dagger.
 Baneogz of Agrisaigor hits!
 You kill Baneogz of Agrisaigor!
 There is a hill orc corpse named Baneogz of Agrisaigor here; eat it? [ynq] (n) y
 This hill orc corpse is tough.
 The housecat bites it.
 You stop eating the hill orc corpse.
 The housecat misses Grisoggoru of Agrisaigor.
 What do you want to wear? [i or ?*] <esc>
 Never mind.
 g - an orcish dagger (2 in total).
 s - an orcish helm.
 The housecat bites Grisoggoru of Agrisaigor.
 There is a partly eaten hill orc corpse named Baneogz of Agrisaigor here; eat it? [ynq] (n) y
 You resume your meal.
 The housecat misses it.
 You hear some noises.
 You hear some noises in the distance.
 You hear some noises.
 You finish eating the hill orc corpse.
 You are carrying too much to get through.
 You swap places with your housecat.
 t - a scimitar.
 You swap places with your housecat.
 You hear a chugging sound.
 Aakhuruk of Agrisaigor swings his scimitar.
 Aakhuruk of Agrisaigor hits!
 You have extreme difficulty lifting a watchman corpse.  Continue? [ynq] (q) q
 You see here a watchman corpse.
 Aakhuruk of Agrisaigor swings his scimitar.
 Aakhuruk of Agrisaigor hits!
 You hit Aakhuruk of Agrisaigor!
 Aakhuruk of Agrisaigor swings his scimitar.
 Aakhuruk of Agrisaigor hits!
 You hit Aakhuruk of Agrisaigor!
 Aakhuruk of Agrisaigor swings his scimitar.
 Aakhuruk of Agrisaigor hits!
 You die...
 Do you want your possessions identified? [ynq] (y) y
 Do you want to see your attributes? [ynq] (y) y
 Do you want an account of creatures vanquished? [ynaq] (y) q

Inventory:
 Weapons  (')')
  r - 12 +1 arrows
  h - a +0 arrow
  T - a +0 bow
  Z - 4 +0 darts
  b - a +0 dagger (weapon in right hand)
  a - a +1 dwarvish spear (alternate weapon; not wielded)
  g - 2 +0 orcish daggers
  m - a very corroded +0 orcish dagger (at the ready)
  X - a +0 aklys
  z - a +0 dwarvish mattock
  t - a +0 scimitar
 Armor    ('[')
  s - an uncursed +0 orcish helm
  i - a cursed rustproof -1 orcish helm
  c - an uncursed +3 small shield (being worn)
 Comestibles  ('%')
  q - an uncursed partly eaten jackal corpse
 Spellbooks  ('+')
  o - an uncursed spellbook of force bolt
 Potions  ('!')
  A - a cursed potion of booze
 Rings    ('=')
  f - a cursed -1 ring of protection
 Wands    ('/')
  B - a wand of light (0:13)
  V - a wand of probing (0:4)
  k - a wand of secret door detection (0:12)
  O - a wand of striking (0:7)
 Tools    ('(')
  W - an uncursed brass lantern (lit)
  e - an uncursed oil lamp
  L - an uncursed towel
 Gems/Stones  ('*')
  d - an uncursed agate stone
  p - an uncursed fluorite stone
  K - a cursed worthless piece of black glass
  j - 2 uncursed worthless pieces of green glass
  M - 2 uncursed worthless pieces of orange glass
  F - an uncursed worthless piece of red glass
  P - an uncursed worthless piece of yellow glass
  G - 3 uncursed worthless pieces of yellowish brown glass

Anarchos the Valkyrie's attributes:

Background:
 You were a Skirmisher, a level 4 dwarven Valkyrie.
 You were lawful, on a mission for Tyr
 who was opposed by Odin (neutral) and Loki (chaotic).
 You were right-handed.
 You were in the Gnomish Mines, on level 6.
 You entered the dungeon 3149 turns ago.
 You had 133 experience points, 27 more were needed to attain level 5.

Basics:
 You had 0 out of 38 hit points.
 You had all 6 energy points (spell power).
 Your armor class was 6.
 Your wallet was empty.
 Autopickup was on for all types.

Final Characteristics:
 Your strength was 18/04 (limit:18/100).
 Your dexterity was 16 (limit:20).
 Your constitution was 14 (limit:20).
 Your intelligence was 7 (limit:16).
 Your wisdom was 8 (limit:16).
 Your charisma was 9 (limit:16).

Final Status:
 You weren't hungry.
 You were unencumbered.
 You were wielding a dagger.
 You had basic skill with dagger.

Final Attributes:
 You were piously aligned.
 You were cold resistant.
 You were telepathic.
 You had infravision.
 You were stealthy.
 You were unlucky.
 You are dead.

Miscellaneous:
 You didn't encounter any bones levels.
 Total elapsed playing time was 54 minutes and 56 seconds.

Major events:
 Turn
    1: Anarchos the lawful dwarven Valkyrie entered the dungeon
 1615: attained the rank of Skirmisher (level 3)
 2148: entered the Gnomish Mines
 3014: reached Mine Town
 3149: killed by a hill orc called Aakhuruk of Agrisaigor

You didn't know any spells.

Skills:
 Fighting Skills
   bare handed combat [Unskilled]
   two weapon combat  [Unskilled]
   riding             [Unskilled]
 Weapon Skills
   dagger             [Basic]
   axe                [Unskilled]
   pick-axe           [Unskilled]
   short sword        [Unskilled]
   broadsword         [Unskilled]
   long sword         [Unskilled]
   two-handed sword   [Unskilled]
   saber              [Unskilled]
   hammer             [Unskilled]
   quarterstaff       [Unskilled]
   polearms           [Unskilled]
   spear              [Basic]
   trident            [Unskilled]
   lance              [Unskilled]
   sling              [Unskilled]
 Spellcasting Skills
   attack spells      [Unskilled]
   escape spells      [Unskilled]

Voluntary challenges:
 Character rerolling was not enabled.
 You never genocided any monsters.
 You never polymorphed an object.
 You never changed form.
 You used no wishes.
Achievements:
 You attained the rank of Skirmisher.
 You entered the Gnomish Mines.
 You entered Minetown.

 The Dungeons of Doom: levels 1 to 3
    Level 1:
       An altar.
    Level 2:
    Level 3:
       Stairs down to The Gnomish Mines.
 The Gnomish Mines: levels 4 to 6
    Level 4:
    Level 5:
    Level 6: <- You were here.
       Final resting place for
          you, killed by a hill orc called Aakhuruk of Agrisaigor.


Vanquished creatures:
  a gnomish wizard
  2 giant ants
  a little dog
  a floating eye
  a dwarf
  2 hill orcs
  a rabid rat
  3 dwarf zombies
 an acid blob
  3 coyotes
  a giant rat
  a yellow mold
  a green mold
 10 gnomes
  a gnome zombie
  3 geckos
  8 jackals
  3 foxes
  a kobold
  3 goblins
  5 sewer rats
  4 grid bugs
  2 kobold zombies
 11 newts
70 creatures vanquished.

No species were genocided or became extinct.

Game over:
                       ----------
                      /          \
                     /    REST    \
                    /      IN      \
                   /     PEACE      \
                  /                  \
                  |     Anarchos     |
                  |       0 Au       |
                  | killed by a hill |
                  |    orc called    |
                  |   Aakhuruk of    |
                  |    Agrisaigor    |
                  |       2026       |
                 *|     *  *  *      | *
        _________)/\\_//(\/(/\)/\//\/|_)_______

Farvel Anarchos the Valkyrie...

You died in The Gnomish Mines on dungeon level 6 with 842 points,
and 0 pieces of gold, after 3149 moves.
You were level 4 with a maximum of 38 hit points when you died.

